Map: Disco Bloodbath LE

Players

Special - Winner!

  • Race: Terran Terran
  • League: Master
  • Spawn Location: 9:00

PtitDrogo

  • Race: Protoss Protoss
  • League: Grandmaster
  • Spawn Location: 3:00

Event: HomeStory Cup XX

VOD

Have the link to the VOD?

Description

Time

  • Played on: Nov. 22, 2019, 10:35 a.m.
  • Length: 7:17

All games in this series

Show
View Real Time Build Order
Export as new Build Order

Special Terran - Winner!

Build Orders: Liberator Opening 

Get SALT Encoding   

  12  0:00  SCV  
  13  0:13  SCV  
  14  0:17  Supply Depot  
  14  0:25  SCV  
  15  0:38  SCV  
  15  0:40  Barracks  
  16  0:43  Refinery  
  16  0:50  SCV  
  17  1:03  SCV  
  18  1:15  SCV  
  19  1:27  Marine  
  19  1:28  Orbital Command  
  20  1:39  Command Center  
  20  1:49  Factory  
  20  1:54  SCV  
  21  2:03  Barracks Reactor  
  21  2:06  SCV  
  22  2:10  Supply Depot  
  22  2:15  Refinery  
  22  2:18  SCV  
  23  2:32  SCV  
  24  2:41  Starport  
  24  2:45  SCV  
  24  2:46  Hellion  
  24  2:47  Hellion  
  25  2:51  Orbital Command  
  29  2:57  SCV  
  30  3:01  Liberator  
  30  3:08  Hellion x2  
  30  3:09  SCV  
  35  3:16  SCV  
  39  3:21  Barracks Tech Lab, SCV  
  39  3:26  Supply Depot  
  40  3:29  SCV  
  40  3:33  SCV  
  42  3:41  SCV  
  42  3:45  SCV  
  42  3:46  Marine x2, Liberator  
  42  3:48  Bunker, Cyclone  
  49  3:53  SCV  
  49  3:55  Supply Depot  
  50  4:09  SCV  
  54  4:15  SCV  
  54  4:16  Marine x2  
  56  4:18  Supply Depot  
  49  4:41  Marine  
  49  4:42  Marine  
  36  4:46  SCV x2  
  32  4:58  SCV x2  
  34  5:04  Marine x2  
  36  5:10  SCV x2  
  36  5:17  Starport Tech Lab  
  33  5:22  SCV x2  
  33  5:23  Marine x2  
  37  5:33  Bunker, Cyclone  
  37  5:34  SCV x2  
  42  5:42  Marine x2  
  44  5:46  SCV x2  
  44  5:47  Banshee  
  49  5:58  SCV x2  
  49  5:59  Marine  
  49  6:00  Marine, Barracks  
  49  6:02  Supply Depot  
  53  6:09  Supply Depot  
  53  6:10  Siege Tank, SCV  
  53  6:11  SCV  
  58  6:17  Marine x2  
  60  6:23  SCV x2  
  57  6:35  Marine x2, SCV x2  
  56  6:47  SCV x2  
  56  6:53  Marine x2  
  54  6:59  SCV  
  54  7:01  SCV  
  51  7:10  Refinery  
Show
View Real Time Build Order
Export as new Build Order

PtitDrogo Protoss 

Build Orders: 1 Gate Expand 

Get SALT Encoding   

  12  0:00  Probe  
  13  0:12  Probe  
  14  0:17  Pylon  
  14  0:24  Probe  
  14  0:28  Assimilator  
  15  0:32  Probe  
  15  0:41  Probe  
  15  0:42  Gateway  
  17  0:53  Probe  
  18  1:05  Probe  
  19  1:17  Probe  
  20  1:22  Nexus  
  20  1:31  Cybernetics Core  
  20  1:34  Probe  
  20  1:39  Assimilator  
  21  1:47  Probe  
  22  1:49  Pylon  
  22  1:53  Warp Gate  
  22  1:57  Stalker  
  22  1:59  Probe  
  25  2:11  Probe  
  26  2:16  Robotics Facility  
  26  2:23  Probe  
  27  2:34  Probe  
  27  2:35  Probe  
  27  2:36  Sentry  
  31  2:48  Gateway  
  31  2:51  Gateway  
  31  2:54  Warp Prism, Gateway  
  33  3:06  Probe  
  33  3:08  Probe  
  35  3:15  Pylon  
  35  3:19  Probe  
  36  3:22  Probe  
  36  3:23  Pylon  
  37  3:31  Probe  
  38  3:36  Probe  
  39  3:47  Stalker x3  
  45  3:48  Stalker  
  47  3:58  Shield Battery  
  47  4:05  Gateway  
  44  4:11  Zealot x4  
  42  4:35  Stalker x2  
  42  4:37  Probe  
  36  4:44  Probe  
  33  4:49  Probe  
  34  4:56  Probe  
  35  5:01  Warp Prism, Probe  
  36  5:08  Zealot x2  
  32  5:15  Probe x2  
  34  5:23  Probe x2  
  36  5:33  Probe x2  
  38  6:15  Stalker, Zealot x3  
  46  6:35  Zealot x3  
  46  6:36  Probe  
  46  6:40  Probe  
  24  7:06  Stalker  
Tags
 
Add a new tag
Caveats
  • Supply blocks, unpowered buildings, or Contaminate may cause inaccurate times.
  • Supply counts are checked every 10 seconds.